 Dungeon Crawl Stone Soup version 0.30.0-29-ga12c61a403 (webtiles) character file.

Game seed: 5176076282553044749

38045 monsoonserge the Basher (level 13, 0/102 HPs)
             Began as a Demonspawn Monk on June 11, 2023.
             Was the Champion of Jiyva.
             Shot with an arrow by a centaur warrior (1 damage)
             ... in a volcano.
             The game lasted 00:59:18 (11143 turns).

monsoonserge the Basher (Demonspawn Monk)          Turns: 11143, Time: 00:59:21

Health: 0/102      AC: 14    Str: 17    XL:     13   Next: 61%
Magic:  11/13      EV: 12    Int: 12    God:    Jiyva [******]
Gold:   942        SH:  5    Dex: 19    Spells: 12/12 levels left

rFire   + . .        a - +10 great mace "Cabred" {heavy, rPois Str+4 SInv}
rCold   . . .        (shield currently unavailable)
rNeg    . . .        U - +2 chain mail {rPois}
rPois   +            (helmet unavailable)
rElec   +            M - +0 cloak
rCorr   +            h - +0 pair of gloves
SInv    +            (no boots)
Will    ++++.        v - amulet of reflection
Stlth   +            e - ring of willpower
HPRegen 1.97/turn    P - ring of protection from fire
MPRegen 0.63/turn

%: reflection
@: calling ooze
A: antennae 3, molten scales 1, foul stench 1, icemail 2, condensation shield,
camouflage 1, strong-willed 3, electricity resistance, wild magic 1, acidic
bite, gelatinous body 1, pseudopods 1, tendrils, jelly sensing items
a: Renounce Religion, Oozemancy, Slimify


You were in a volcano.
You worshipped Jiyva.
Jiyva was exalted by your worship.
You visited 3 branches of the dungeon, and saw 17 of its levels.
You also visited: Ossuary and Volcano.

You collected 942 gold pieces.

Inventory:

Hand Weapons
 a - the +10 great mace "Cabred" (weapon) {heavy, rPois Str+4 SInv}
   (You took it off a two-headed ogre on level 7 of the Dungeon)

   Str:       It affects your strength (+4).
   rPois:     It protects you from poison.
   SInv:      It lets you see invisible.
 o - the +1 hand axe "Giantbane" {freeze, Str+2 Int+5 Dex+7}
   (You found it on level 2 of the Dungeon)

   Str:       It affects your strength (+2).
   Int:       It affects your intelligence (+5).
   Dex:       It affects your dexterity (+7).
 G - a +2 war axe of freezing
 T - a +5 scimitar
Missiles
 s - 2 boomerangs (quivered)
 A - 19 poisoned darts
 O - 8 curare-tipped darts
 R - a throwing net
 X - 8 javelins
Armour
 d - an orb of light
 h - a +0 pair of gloves (worn)
 M - a +0 cloak (worn)
 Q - the +0 ring mail "Tohot" {rCorr Str+4 Int-4 Stlth+}
   (You found it on level 8 of the Dungeon)

   Str:       It affects your strength (+4).
   Int:       It affects your intelligence (-4).
   rCorr:     It protects you from acid and corrosion.
   Stlth:     It makes you more stealthy.
 U - a +2 chain mail of poison resistance (worn)
Jewellery
 e - a ring of willpower (left hand)
 v - an amulet of reflection (around neck)
 y - a ring of fire
 F - a ring of poison resistance
 N - a ring of willpower
 P - a ring of protection from fire (right hand)
Wands
 E - a wand of flame (54)
 S - a wand of digging (2)
 V - a wand of light (2)
Scrolls
 b - 2 scrolls of vulnerability {unknown}
 f - 4 scrolls of enchant weapon {unknown}
 i - 2 scrolls of fear {unknown}
 k - 3 scrolls of acquirement {unknown}
 l - 2 scrolls of poison {unknown}
 p - 3 scrolls of fog {unknown}
 t - 6 scrolls of identify {unknown}
 u - a scroll of butterflies {unknown}
 z - 5 scrolls of teleportation {unknown}
 B - a scroll of noise {unknown}
 H - 2 scrolls of immolation {unknown}
 J - 2 scrolls of amnesia {unknown}
 L - a scroll of magic mapping {unknown}
 Z - a scroll of blinking {unknown}
Potions
 c - 2 potions of ambrosia
 g - 7 potions of curing
 j - 3 potions of brilliance {unknown}
 m - 2 potions of flight {unknown}
 n - 2 potions of invisibility {unknown}
 q - a potion of resistance {unknown}
 r - 3 potions of heal wounds {unknown}
 w - 2 potions of haste {unknown}
 x - a potion of cancellation {unknown}
 C - 3 potions of mutation
 D - 2 potions of berserk rage {unknown}
 I - 3 potions of might {unknown}
 K - 3 potions of degeneration {unknown}
 W - 2 potions of attraction {unknown}
 Y - a potion of lignification {unknown}


   Skills:
 + Level 9.7 Fighting
 + Level 5.5 Long Blades
 + Level 8.6(11.4) Axes
 + Level 11.8(12.9) Maces & Flails
 + Level 1.8 Throwing
 + Level 7.8 Armour
 + Level 6.0 Dodging
 + Level 4.6 Stealth
 + Level 8.0 Shields


You had 12 spell levels left.
You didn't know any spells.
Your spell library contained the following spells:

 Spells                   Type           Power      Damage    Failure   Level
 Kiss of Death            Conj/Necr      0%         2d5       97%         1
 Shock                    Conj/Air       0%         1d3       97%         1
 Lesser Beckoning         Tloc           0%         N/A       99%         2
 Confusing Touch          Hex            0%         N/A       100%        3
 Gell's Gravitas          Tloc           0%         N/A       100%        3
 Hailstorm                Conj/Ice       0%         3d3       100%        3
 Summon Guardian Golem    Hex/Summ       0%         N/A       100%        3
 Swiftness                Air            0%         N/A       100%        3
 Teleport Other           Tloc           0%         N/A       100%        3
 Airstrike                Air            0%         2d(0-16)  100%        4
 Dispel Undead            Necr           0%         3d6       100%        4
 Ice Form                 Ice/Tmut       0%         N/A       100%        4
 Simulacrum               Ice/Necr       0%         N/A       100%        6
 Orb of Destruction       Conj           0%         9d5       100%        7
 Spellforged Servitor     Conj/Summ      0%         N/A       100%        7


Dungeon Overview and Level Annotations

Branches:
Dungeon (11/15)            Temple (1/1) D:6            Lair (5/5) D:11
 Shoals (0/4) Lair:2       Spider (0/4) Lair:2        Slime (0/5) Lair:5
    Orc (0/2) D:11        Ossuary (visited)         Volcano (1/1)

Altars:
Ashenzari
Cheibriados
Dithmenos
Fedhas
Gozag
Hepliaklqana
Kikubaaqudgha
Nemelex Xobeh
Okawaru
Sif Muna
Uskayaw
Vehumet
Xom
Yredelemnul
Jiyva

Shops:
D:4 (   D:7 (

Annotations:
D:11 3 runed translucent doors, seaoflcl's ghost, novice MiFi


Innate Abilities, Weirdness & Mutations

You have a pair of large antennae on your head. (SInv)
You are partially covered in molten scales. (AC +2)
You may rarely emit foul miasma when damaged in melee.
A meltable icy envelope protects you from harm. (AC +0)
A meltable shield of frost defends you. (SH +0)
Your skin changes colour to match your surroundings (Stealth+).
You are extremely strong-willed. (Will+++)
You are resistant to electric shocks. (rElec)
Your spells are a little harder to cast, but a little more powerful.
You have acidic saliva.
Your rubbery body absorbs attacks. (AC +1, EV +1)
Armour fits poorly on your pseudopods.
You are covered in slimy tendrils that may disarm your opponents.
You have a small jelly attached to you that senses nearby items.


Message History

The centaur shoots an arrow.
You block the arrow with an invisible shield... and reflect it back!
The arrow hits the centaur!!
The arrow burns the centaur.
The centaur warrior shoots an arrow.
The arrow completely misses you.
Your Dodging skill increases to level 6!
Okay, then.
Found a chain mail of fire resistance and 9 gold pieces.
The hell knight shouts!
The centaur warrior shoots an arrow.
The arrow hits you!
* * * LOW HITPOINT WARNING * * *
The arrow burns you.
* * * LOW HITPOINT WARNING * * *
As you close the large door, it creaks loudly!
Something unseen breaks down the door.
The centaur warrior shoots an arrow.
The arrow hits you!
* * * LOW HITPOINT WARNING * * *
It was a potion of curing.
You feel better.
The air gets thick with the scent of sulphur.
The centaur warrior shoots an arrow.
The arrow hits you.
* * * LOW HITPOINT WARNING * * *
Activating: Oozemancy (0% risk of failure)
Press: ? - help, Dir - look around, f - activate Slime begins to ooze from the nearby walls!
The walls burn the centaur! x2
You kill the centaur!
The walls burn the centaur warrior!
The walls burn the centaur!
You kill the centaur!
The centaur warrior shoots an arrow.
The arrow hits you!
* * * LOW HITPOINT WARNING * * *
The arrow burns you.
* * * LOW HITPOINT WARNING * * *
Okay, then.
It was a potion of mutation.
You feel extremely strange.
Your magical essence no longer links to wands of the dungeon.
You regain control of your magic.
You stop exuding ooze.
You feel less in control of your magic.
The centaur warrior shoots an arrow.
The arrow hits you!
* * * LOW HITPOINT WARNING * * *
The arrow burns you.
You die...

+.[.$.+
§≈§##c.+.._..+
≈≈≈#..c#p....#
≈≈≈#...#######
≈§§#...)$!.$!+
≈§#...#)c≈..#
#...#8≈≈≈8#
#..+@.≈..+
#..+.....+
§##)#8...8#{ ≈
§§###.....###≈≈
§§§≈§.....≈≈≈≈≈
§§§§≈8...8≈≈≈≈#
≈≈≈≈≈.....≈≈##
##§≈≈.....§§#
#≈≈≈8...8≈##


You could see a centaur warrior.

Vanquished Creatures
  3 hydras
  Erica (Lair:1)
  2 two-headed ogres
  4 death yaks (Lair:2)
  Sonja (Lair:2)
  The ghost of seaoflcl the Cleaver, a novice MiFi (D:8)
  3 skysharks
  The ghost of olmar the Skirmisher, a novice GnWn of Gozag (D:6)
  An orb spider (Lair:2)
  An oklob plant (Lair:1)
  Pikel (D:7)
  An ugly thing (D:11)
  2 black mambas (Lair:2)
  16 elephants
  Joseph (Lair:1)
  11 cane toads
  2 unseen horrors (D:11)
  3 rime drakes
  11 komodo dragons
  2 trolls
  A polar bear (Lair:5)
  A hornet (D:11)
  7 blink frogs
  A vampire (D:11)
  22 yaks
  4 wyverns
  A water elemental (D:11)
  4 wraiths
  2 steam dragons
  A basilisk (Lair:5)
  4 acid dragons
  11 water moccasins
  4 black bears (D:11)
  3 orc warriors
  An ice beast (D:8)
  9 wolves
  4 ogres
  A boggart (D:10)
  5 centaurs
  3 lemures (D:7)
  2 kobold brigands
  10 bullfrogs
  2 elf zombies (Ossuary)
  2 scorpions (D:4)
  2 gnoll sergeants
  3 wights (D:8)
  A howler monkey (D:7)
  A gnoll bouda (D:4)
  2 hounds
  2 centaur zombies (Ossuary)
  2 human zombies (Ossuary)
  2 orc priests
  2 iguanas
  5 orc wizards
  5 hell rats (Lair:4)
  2 mummies (Ossuary)
  4 adders
  14 gnolls
  A shadow imp (D:5)
  A white imp (D:5)
  2 adder zombies (Ossuary)
  3 worms
  7 dart slugs
  41 orcs
  6 ball pythons
  3 bats
  An endoplasm (D:1)
  3 giant cockroaches
  8 goblins
  3 hobgoblins
  4 jackals
  5 quokkas
  5 frilled lizards (D:1)
  2 goblin zombies (Ossuary)
  6 hobgoblin zombies (Ossuary)
  A jackal zombie (Ossuary)
  17 kobolds
  11 kobold zombies (Ossuary)
  9 orc zombies (Ossuary)
  4 rats
  A butterfly (Lair:4)
364 creatures vanquished.

Vanquished Creatures (collateral kills)
  A boulder beetle (Lair:3)
  Urug (Lair:1)
  The ghost of safid the Frost Mage, a novice MfIE of Vehumet (D:7)
  A water moccasin (Lair:1)
  An ogre (D:7)
  3 boggarts (D:10)
8 creatures vanquished.

Vanquished Creatures (others)
  A rime drake (Lair:5)
  3 slime creatures
  2 water moccasins
  A wolf (Lair:2)
  2 centaurs
  A lemure (D:7)
  2 bullfrogs (Lair:3)
  33 jellies
  6 gnolls
  A dart slug (D:5)
  An orc (D:9)
  A kobold (D:5)
54 creatures vanquished.

Grand Total: 426 creatures vanquished

Notes
Turn   | Place    | Note
-------+----------+-------------------------------------------
     0 | D:1      | monsoonserge the Demonspawn Monk began the quest for the
                  | Orb.
     0 | D:1      | Reached XP level 1. HP: 18/18 MP: 1/1
    93 | D:1      | Gained mutation: You are partially covered in molten
                  | scales. (AC +2) [demonic ancestry]
    93 | D:1      | Reached XP level 2. HP: 23/24 MP: 2/2
   313 | D:1      | Gained mutation: A meltable shield of frost defends you.
                  | (SH +0) [demonic ancestry]
   313 | D:1      | Reached XP level 3. HP: 29/29 MP: 3/3
   799 | D:2      | Found a faded altar of an unknown god.
   830 | D:2      | Prayed at the altar of an unknown god.
   830 | D:2      | Became a worshipper of Jiyva Juqeus the Shapeless
   830 | D:2      | Reached * piety under Jiyva
   830 | D:2      | Reached ** piety under Jiyva
   904 | D:2      | Reached *** piety under Jiyva
  1013 | D:2      | Identified the +1 hand axe "Giantbane" {freeze, Str+2 Int+5
                  | Dex+7}
  1337 | D:3      | Gained mutation: You have hidden genetic potential.
                  | [Jiyva's grace]
  1337 | D:3      | Gained mutation: You have great hidden genetic potential.
                  | [Jiyva's grace]
  1337 | D:3      | Gained mutation: Your body has grown eyes which may confuse
                  | attackers. (Acc +3) [Jiyva's grace]
  1337 | D:3      | Gained mutation: Your body has grown many eyes which may
                  | confuse attackers. (Acc +5) [Jiyva's grace]
  1396 | D:3      | Reached **** piety under Jiyva
  1488 | D:3      | Gained mutation: A meltable icy envelope protects you from
                  | harm. (AC +0) [demonic ancestry]
  1488 | D:3      | Reached XP level 4. HP: 35/35 MP: 4/4
  1534 | D:3      | Found a shimmering altar of Xom.
  1736 | D:4      | Noticed an ogre
  1745 | D:4      | Killed an ogre
  1746 | D:4      | Reached skill level 1 in Axes
  1746 | D:4      | Reached skill level 1 in Armour
  1746 | D:4      | Reached XP level 5. HP: 41/42 MP: 5/5
  1756 | D:4      | Gained mutation: You are partially covered in large bone
                  | plates. (SH +4) [hidden potential]
  1823 | D:4      | Found a sand-covered staircase.
  1868 | Ossuary  | Entered an ossuary
  1987 | Ossuary  | Reached XP level 6. HP: 48/48 MP: 6/6
  1993 | Ossuary  | Gained mutation: You have large cloven feet. [hidden
                  | potential]
  1993 | Ossuary  | Lost mutation: You have great hidden genetic potential.
                  | [hidden potential expressed]
  1998 | Ossuary  | Reached skill level 1 in Shields
  2002 | Ossuary  | Reached skill level 1 in Stealth
  2050 | Ossuary  | Gained mutation: You have a pair of small antennae on your
                  | head. [demonic ancestry]
  2050 | Ossuary  | Reached XP level 7. HP: 54/54 MP: 7/7
  2206 | D:4      | Found Vuepafog's Antique Weapon Shoppe.
  2278 | D:4      | Found a shimmering blue altar of Sif Muna.
  2287 | D:4      | Reached ***** piety under Jiyva
  2522 | D:5      | Entered Level 5 of the Dungeon
  2717 | D:5      | Lost mutation: Your body has grown many eyes which may
                  | confuse attackers. (Acc +5) [Jiyva's grace]
  2717 | D:5      | Lost mutation: You have hidden genetic potential. [Jiyva's
                  | grace]
  2717 | D:5      | Gained mutation: You are strong-willed. (Will+) [Jiyva's
                  | grace]
  2717 | D:5      | Gained mutation: You are highly strong-willed. (Will++)
                  | [Jiyva's grace]
  2717 | D:5      | Gained mutation: You are extremely strong-willed. (Will+++)
                  | [Jiyva's grace]
  2717 | D:5      | Gained mutation: Your spells are a little harder to cast,
                  | but a little more powerful. [Jiyva's grace]
  2893 | D:5      | Reached skill level 5 in Axes
  2897 | D:5      | Found a basalt altar of Yredelemnul.
  3259 | D:6      | Reached XP level 8. HP: 48/61 MP: 8/8
  3310 | D:6      | Found an ancient bone altar of Kikubaaqudgha.
  3416 | D:6      | Found a radiant altar of Vehumet.
  3447 | D:6      | Found a large runed translucent door.
  3447 | D:6      | Found a large runed translucent door.
  3451 | D:6      | Noticed olmar's ghost (novice GnWn)
  3589 | D:6      | Found a staircase to the Ecumenical Temple.
  3598 | Temple   | Entered the Ecumenical Temple
  3834 | D:7      | Found Powiun's Antique Weapon Shop.
  3900 | D:7      | Reached ****** piety under Jiyva
  3901 | D:7      | Found a hide-covered altar of Uskayaw.
  3976 | D:7      | Noticed a troll
  3987 | D:7      | Killed a troll
  3988 | D:7      | Reached skill level 5 in Fighting
  4045 | D:7      | Found a transporter.
  4046 | D:7      | Noticed safid's ghost (novice MfIE)
  4047 | D:7      | Identified the +3 giant spiked club "Tyehukla" {pain, Int+3
                  | Dex-5 Stlth+}
  4047 | D:7      | Identified the +10 great mace "Cabred" {heavy, rPois Str+4
                  | SInv}
  4047 | D:7      | Noticed a two-headed ogre
  4163 | D:7      | Found a transporter.
  4207 | D:7      | Noticed Pikel
  4216 | D:7      | Killed Pikel
  4217 | D:7      | Gained mutation: You have a pair of antennae on your head.
                  | [demonic ancestry]
  4217 | D:7      | Reached XP level 9. HP: 67/68 MP: 9/9
  4237 | D:7      | Lost mutation: You have large cloven feet. [Jiyva's grace]
  4237 | D:7      | Gained mutation: You have sharp toenails. [Jiyva's grace]
  4237 | D:7      | Gained mutation: You have razor-sharp toenails. [Jiyva's
                  | grace]
  4237 | D:7      | Gained mutation: You have claws for feet. [Jiyva's grace]
  4237 | D:7      | Gained mutation: You are resistant to electric shocks.
                  | (rElec) [Jiyva's grace]
  4240 | D:7      | Found a broken altar of Ashenzari.
  4248 | D:7      | Found a hazy altar of Hepliaklqana.
  4536 | D:6      | Killed olmar's ghost
  4594 | D:8      | Identified the +0 ring mail "Tohot" {rCorr Str+4 Int-4
                  | Stlth+}
  4675 | D:8      | Found a runed translucent door.
  4675 | D:8      | Noticed seaoflcl's ghost (novice MiFi)
  5368 | D:9      | Found an iron altar of Okawaru.
  5482 | D:9      | Gained mutation: You may rarely emit foul miasma when
                  | damaged in melee. [demonic ancestry]
  5482 | D:9      | Reached XP level 10. HP: 77/77 MP: 10/10
  5786 | D:7      | Killed a two-headed ogre
  5790 | D:7      | Killed safid's ghost
  5791 | D:7      | Reached skill level 5 in Long Blades
  5791 | D:7      | Reached skill level 5 in Shields
  6038 | D:8      | Killed seaoflcl's ghost
  6071 | D:10     | Entered Level 10 of the Dungeon
  6139 | D:10     | Reached skill level 1 in Maces & Flails
  6162 | D:10     | Reached skill level 2 in Maces & Flails
  6174 | D:10     | Reached skill level 1 in Throwing
  6284 | D:10     | Found a snail-covered altar of Cheibriados.
  6349 | D:10     | Reached skill level 3 in Maces & Flails
  6354 | D:10     | Found a shadowy altar of Dithmenos.
  6363 | D:10     | Noticed a gargoyle
  6468 | D:10     | Found a sparkling altar of Nemelex Xobeh.
  6532 | D:10     | Lost mutation: You have claws for feet. [Jiyva's grace]
  6532 | D:10     | Lost mutation: You are partially covered in large bone
                  | plates. (SH +4) [Jiyva's grace]
  6532 | D:10     | Lost mutation: You are extremely strong-willed. (Will+++)
                  | [Jiyva's grace]
  6532 | D:10     | Lost mutation: Your body has grown eyes which may confuse
                  | attackers. (Acc +3) [Jiyva's grace]
  6532 | D:10     | Gained mutation: You have acidic saliva. [Jiyva's grace]
  6532 | D:10     | Gained mutation: A frigid envelope surrounds you and
                  | freezes all who hurt you. [Jiyva's grace]
  6532 | D:10     | Gained mutation: You expend magic power (3 MP) to
                  | strengthen your wands. [Jiyva's grace]
  6532 | D:10     | Gained mutation: Your rubbery body absorbs attacks. (AC +1,
                  | EV +1) [Jiyva's grace]
  6844 | D:11     | Reached skill level 4 in Maces & Flails
  6844 | D:11     | Reached XP level 11. HP: 71/84 MP: 11/11
  6881 | D:11     | Found a staircase to the Orcish Mines.
  7090 | D:11     | Identified the +1 whip of Seic {heavy, *Corrode rElec
                  | Str+3}
  7105 | D:11     | Found a staircase to the Lair.
  7116 | D:11     | Reached skill level 5 in Armour
  7120 | D:11     | Reached skill level 5 in Maces & Flails
  7278 | D:11     | Noticed a two-headed ogre
  7285 | D:11     | Killed a two-headed ogre
  7286 | D:11     | Reached skill level 6 in Maces & Flails
  7287 | D:11     | Noticed a white ugly thing
  7290 | D:11     | Killed a white ugly thing
  7419 | D:11     | Found a runed translucent gate.
  7419 | D:11     | Found a runed translucent gate.
  7419 | D:11     | Found a runed translucent gate.
  7420 | D:11     | Noticed a skeletal warrior
  7422 | D:11     | Noticed a frost giant
  7423 | D:11     | Noticed seaoflcl's ghost (novice MiFi)
  7577 | Lair:1   | Entered Level 1 of the Lair of Beasts
  7636 | Lair:1   | Lost mutation: You have razor-sharp toenails. [Jiyva's
                  | grace]
  7636 | Lair:1   | Gained mutation: Your skin changes colour to match your
                  | surroundings (Stealth+). [Jiyva's grace]
  7636 | Lair:1   | Gained mutation: Your skin blends seamlessly with your
                  | surroundings (Stealth++). [Jiyva's grace]
  7636 | Lair:1   | Gained mutation: Your skin perfectly mimics your
                  | surroundings (Stealth+++). [Jiyva's grace]
  7636 | Lair:1   | Lost mutation: You have sharp toenails. [Jiyva's grace]
  7636 | Lair:1   | Gained mutation: You have large cloven feet. [Jiyva's
                  | grace]
  7680 | Lair:1   | Identified the +2 war axe of the Winnowing Gods {drain,
                  | Drain rElec rPois rN+++}
  7721 | Lair:1   | Reached skill level 7 in Maces & Flails
  7721 | Lair:1   | Reached skill level 5 in Dodging
  7770 | Lair:1   | Noticed an oklob plant
  7770 | Lair:1   | Noticed Erica
  7838 | Lair:1   | Killed Erica
  7850 | Lair:1   | Killed an oklob plant
  7851 | Lair:1   | Reached skill level 8 in Maces & Flails
  7851 | Lair:1   | Gained mutation: A meltable icy envelope protects you from
                  | harm. (AC +0) [demonic ancestry]
  7851 | Lair:1   | Reached XP level 12. HP: 92/92 MP: 12/12
  7861 | Lair:1   | Noticed Urug
  7867 | Lair:1   | Killed Urug
  8034 | Lair:1   | Noticed Joseph
  8042 | Lair:1   | Killed Joseph
  8443 | Lair:2   | Found a staircase to the Shoals.
  8487 | Lair:2   | Reached skill level 9 in Maces & Flails
  8487 | Lair:2   | Noticed Sonja
  8492 | Lair:2   | Killed Sonja
  8514 | Lair:2   | Found a hole to the Spider Nest.
  8764 | Lair:2   | Lost mutation: You have large cloven feet. [Jiyva's grace]
  8764 | Lair:2   | Lost mutation: You are highly strong-willed. (Will++)
                  | [Jiyva's grace]
  8764 | Lair:2   | Lost mutation: A frigid envelope surrounds you and freezes
                  | all who hurt you. [Jiyva's grace]
  8764 | Lair:2   | Gained mutation: You have a small jelly attached to you
                  | that senses nearby items. [Jiyva's grace]
  8764 | Lair:2   | Gained mutation: You are highly strong-willed. (Will++)
                  | [Jiyva's grace]
  8764 | Lair:2   | Gained mutation: You are extremely strong-willed. (Will+++)
                  | [Jiyva's grace]
  8764 | Lair:2   | Gained mutation: Armour fits poorly on your pseudopods.
                  | [Jiyva's grace]
  9139 | Lair:3   | Noticed a death yak
  9139 | Lair:3   | Noticed a death yak
  9139 | Lair:3   | Noticed a death yak
  9139 | Lair:3   | Noticed a death yak
  9155 | Lair:2   | Killed a death yak
  9158 | Lair:2   | Killed a death yak
  9159 | Lair:2   | Reached skill level 10 in Maces & Flails
  9162 | Lair:2   | Killed a death yak
  9164 | Lair:2   | Killed a death yak
  9248 | Lair:3   | Gained mutation: You have a pair of large antennae on your
                  | head. (SInv) [demonic ancestry]
  9248 | Lair:3   | Reached XP level 13. HP: 95/101 MP: 13/13
  9330 | Lair:3   | Reached skill level 11 in Maces & Flails
 11004 | Lair:5   | Entered Level 5 of the Lair of Beasts
 11004 | Lair:5   | Lost mutation: Your skin perfectly mimics your surroundings
                  | (Stealth+++). [Jiyva's grace]
 11004 | Lair:5   | Lost mutation: Your skin blends seamlessly with your
                  | surroundings (Stealth++). [Jiyva's grace]
 11004 | Lair:5   | Lost mutation: You are extremely strong-willed. (Will+++)
                  | [Jiyva's grace]
 11004 | Lair:5   | Lost mutation: Your rubbery body absorbs attacks. (AC +1,
                  | EV +1) [Jiyva's grace]
 11004 | Lair:5   | Gained mutation: You are extremely strong-willed. (Will+++)
                  | [Jiyva's grace]
 11004 | Lair:5   | Gained mutation: You are covered in slimy tendrils that may
                  | disarm your opponents. [Jiyva's grace]
 11004 | Lair:5   | Gained mutation: Your melee attacks may engulf your foes in
                  | ooze. [Jiyva's grace]
 11004 | Lair:5   | Gained mutation: Your rubbery body absorbs attacks. (AC +1,
                  | EV +1) [Jiyva's grace]
 11015 | Lair:5   | Found a viscous altar of Jiyva.
 11016 | Lair:5   | Found a staircase to the Slime Pits.
 11101 | Lair:5   | Found a dark tunnel.
 11115 | Volcano  | Entered a volcano
 11134 | Volcano  | Found a radiant altar of Vehumet.
 11143 | Volcano  | Lost mutation: You expend magic power (3 MP) to strengthen
                  | your wands. [potion of mutation]
 11143 | Volcano  | Lost mutation: Your spells are a little harder to cast, but
                  | a little more powerful. [potion of mutation]
 11143 | Volcano  | Lost mutation: Your melee attacks may engulf your foes in
                  | ooze. [potion of mutation]
 11143 | Volcano  | Gained mutation: Your spells are a little harder to cast,
                  | but a little more powerful. [potion of mutation]
 11143 | Volcano  | HP: 1/102 [centaur warrior/arrow (11)]
 11143 | Volcano  | Shot with an arrow by a centaur warrior

Illustrated notes

Levels and vault maps discovered:
D:1:      wander_arrival_desolate, layout_basic, nicolae_wormholes
D:2:      layout_rooms, serial_glass, glass_columns_c, glass_columns_a,
          glass_columns_c, glass_columns_a, minmay_strange_pillars,
          minmay_strange_pillars, hellmonk_ecumenical_altar_dog_temple,
          dreamdust_wishing_well, minmay_pentomino_v2
D:3:      layout_basic, mainiacjoe_overflow_concentric_impassable
D:4:      layout_cave_pools, mainiacjoe_overflow_alcove_2, serial_shops, shop,
          nicolae_ossuary_entry_ruins, nicolae_underground_beach
D:5:      layout_loops_cross, mainiacjoe_overflow_brackets, lemuel_round_altar,
          lemuel_round_altar
D:6:      layout_cave_pools, vehumet_crystals, mainiacjoe_overflow_catwalk,
          temple_hall, ebering_ghost_disaster_area
D:7:      layout_layer_cave, mainiacjoe_overflow_tiny_flanked, minitemple,
          gammafunk_ghost_smash, serial_shops, nicolae_square_shop,
          hangedman_decor_peaks_small, uniq_pikel
D:8:      layout_cave_pools, gammafunk_ghost_grave
D:9:      layout_loops_ring, nicolae_overflow_hidden_temple
D:10:     layout_grid_maze, mainiacjoe_overflow_small_starburst,
          kennysheep_slug_shrine, mainiacjoe_overflow_boulevard
D:11:     layout_basic, due_lair_maze_entry_diamond, hiddenorc2_lemuel,
          gammafunk_ghost_split
Temple:   hellmonk_temple_forest_ring
Lair:1:   minmay_lair_oklob_chamber, layout_cave_pods, beast_lair_carwin_8,
          grunt_megastairs_1, lemuel_fruit_fields, uniq_joseph, uniq_urug,
          uniq_erica
Lair:2:   layout_chaotic_city, shoals_dummy_entry,
          nicolae_spider_entry_orb_guardian, columned_hall_lemuel, uniq_sonja
Lair:3:   layout_roguey, lemuel_fruit_tree
Lair:4:   layout_layer_cave, hibernation_bobbens, lemuel_fruit_fields
Lair:5:   guppyfry_lair_end_dragon, layout_small_grid,
          minmay_slime_entry_pillars, enter_volcano_4, uniq_rupert
Volcano:  kennysheep_volcano_temple

Skill      XL: |  1  2  3  4  5  6  7  8  9 10 11 12 13 |
---------------+----------------------------------------+-----
Long Blades    | 3 5 |  5.5
Dodging        | 3 4 5 6 |  6.0
Axes           | 1 3 5 7 8 |  8.6
Armour         | 1 3 4 6 7 |  7.8
Shields        | 1 2 3 4 5 6 7 8 |  8.0
Fighting       | 4 5 6 7 8 9 |  9.7
Stealth        | 1 2 3 4 |  4.6
Maces & Flails | 4 8 10 11 | 11.8
Throwing       | 1 |  1.8

Action                     |  1- 3 |  4- 6 |  7- 9 | 10-12 | 13-15 || total
---------------------------+-------+-------+-------+-------+-------++-------
  Melee: Falchion          |    95 |       |       |       |       ||    95
         Hand axe          |    29 |   142 |   109 |       |       ||   280
         Kick              |       |    25 |   100 |    47 |       ||   172
         War axe           |       |       |   111 |       |       ||   111
         Scimitar          |       |       |    32 |    11 |       ||    43
         Great mace        |       |       |       |   219 |   108 ||   327
         Bite              |       |       |       |    30 |    19 ||    49
         Pseudopods        |       |       |       |    11 |    19 ||    30
  Throw: Stone             |       |     1 |       |       |       ||     1
         Dart              |       |       |     2 |     4 |       ||     6
         Boomerang         |       |       |       |       |     1 ||     1
 Invoke: Oozemancy         |       |       |       |       |     1 ||     1
    Use: Potion            |       |       |       |       |     2 ||     2
   Stab: Confused          |       |    10 |     8 |       |       ||    18
         Distracted        |       |       |     2 |       |       ||     2
         Sleeping          |       |       |     1 |     5 |     1 ||     7
 Armour: Robe              |    20 |       |       |       |       ||    20
         Leather armour    |    26 |       |       |       |       ||    26
         Ring mail         |       |    37 |    49 |       |       ||    86
         Scale mail        |       |       |     9 |       |       ||     9
         Chain mail        |       |       |       |   176 |    85 ||   261
  Dodge: Dodged            |    82 |    29 |    87 |   175 |    75 ||   448
  Block: Orb               |     7 |    88 |   161 |     9 |       ||   265
         Reflection        |       |     4 |     9 |     8 |     3 ||    24
         Other             |       |       |       |   147 |    75 ||   222
